 Dungeon Crawl Stone Soup version 0.25-a0-815-gab441bd002 (webtiles) character file.

Game seed: 7618613965289757551, levelgen mode: deterministic

14 Arvil the Digger (level 2, -2/15 HPs)
             Began as a Gargoyle Earth Elementalist on Apr 20, 2020.
             Slain by a scorpion (5 damage)
             ... on level 2 of the Dungeon.
             The game lasted 00:02:17 (1250 turns).

Arvil the Digger (Gargoyle Earth Elementalist)      Turns: 1250, Time: 00:02:18

Health: -2/15      AC:  4    Str: 11    XL:     2   Next: 45%
Magic:  0/5        EV: 12    Int: 15    God:
Gold:   57         SH:  0    Dex: 10    Spells: 4/5 levels left

rFire    + . .     SeeInvis .   e - +0 short sword
rCold    + . .     Gourm    .   (no shield)
rNeg     + . .     Faith    .   c - +0 robe
rPois    ∞         Spirit   .   (no helmet)
rElec    +         Reflect  .   (no cloak)
rCorr    +         Harm     .   (no gloves)
MR       .....                  (no boots)
Stlth    ++........             (no amulet)
HPRegen  0.05/turn              (no ring)
MPRegen  0.09/turn              (no ring)

@: resistant, very slightly contaminated
A: negative energy resistance 1, electricity resistance, unbreathing,
petrification resistance, rot immunity, AC +2
a: no special abilities


You were on level 2 of the Dungeon.
You were very hungry.

You visited 1 branch of the dungeon, and saw 2 of its levels.

You collected 57 gold pieces.

Inventory:

Hand Weapons
 e - a +0 short sword (weapon)
Missiles
 b - 19 stones (quivered)
Armour
 c - a +0 robe (worn)
Scrolls
 f - a scroll of identify
 g - a scroll of fog
Comestibles
 d - 2 rations


   Skills:
 - Level 1.5 Dodging
 - Level 2.1 Stealth
 + Level 2.4 Spellcasting
   Level 0.7 Transmutations
 + Level 4.1 Earth Magic


You had 4 spell levels left.
You knew the following spells:

 Your Spells              Type           Power        Failure   Level  Hunger
a - Sandblast             Erth           ##....       3%          1    #......

Your spell library contained the following spells:

 Spells                   Type           Power        Failure   Level  Hunger
 Passwall                 Tmut/Erth      #.......     12%         2    ###....
 Stone Arrow              Conj/Erth      #.....       26%         3    ###....
 Petrify                  Tmut/Erth      #.......     61%         4    #####..
 Lee's Rapid Deconstruct  Erth           ##........   71%         5    ######.


Dungeon Overview and Level Annotations

Branches:
Dungeon (2/15)

Altars:


Innate Abilities, Weirdness & Mutations

You are resistant to torment.
Your stone body is resilient. (AC +2)
You are immune to poison.
You resist negative energy. (rN+)
You are resistant to electric shocks. (rElec)
You can survive without breathing.
You are immune to petrification.
You are immune to rotting.


Message History

The scorpion stings you.
* * * LOW HITPOINT WARNING * * *
It was a potion of resistance.
You feel protected. The scorpion barely misses you.
You see here 26 stones.
Casting: Sandblast (safe; 3% risk of failure)
Confirm with . or Enter, or press ? or * to list all spells.
Aiming: Sandblast (safe; 3% risk of failure)
Press: ? - help, Shift-Dir - straight line, f/p - scorpion
Aim: a scorpion (heavily wounded)
The blast of sand hits the scorpion.
The scorpion is heavily wounded.
b - 19 stones The scorpion closely misses you.
As you read the scroll labeled COR YGRUIG, it crumbles to dust.
It is a scroll of identify.
g - a scroll of fog The scorpion stings you.
You die...

##############
#...<........#######
#.##########........
#.# #..@s........
.........#
#.##########.
#.......... #
#............
#..####.....## #.
#....... # #..<..###
.......


You could see a scorpion.

Vanquished Creatures
  2 giant cockroaches (D:1)
  2 goblins (D:1)
  2 ball pythons (D:1)
  2 bats (D:1)
  3 kobolds (D:1)
  3 rats (D:1)
14 creatures vanquished.

Notes
Turn   | Place    | Note
-------+----------+-------------------------------------------
     0 | D:1      | Arvil the Gargoyle Earth Elementalist began the quest for
                  | the Orb.
     0 | D:1      | Reached XP level 1. HP: 10/10 MP: 3/3
   385 | D:1      | Reached XP level 2. HP: 14/15 MP: 5/5
   386 | D:1      | Reached skill level 4 in Earth Magic
  1226 | D:2      | Noticed a scorpion
  1250 | D:2      | Slain by a scorpion

Levels and vault maps discovered:
D:1:      onia_arrival_handbag, layout_basic, grunt_decor_one_mirror,
          minmay_cupped
D:2:      layout_loops_ring, lemuel_tele_altar, uniq_terence

Skill      XL: |  1  2 |
---------------+-------+-----
Earth Magic    | 4 |  4.1
Dodging        | |  1.5
Stealth        | |  2.1
Spellcasting   | |  2.4
Transmutations | |  0.7

Action                   || total
-------------------------++-------
Melee: Unarmed           ||    24
       Short sword       ||    27
 Cast: Sandblast         ||    12
  Use: Scroll            ||     1
       Potion            ||     1
 Stab: Sleeping          ||     2
Armor: Robe              ||    21
Dodge: Dodged            ||    36

Table legend:
 A = Non-vault XP
 B = Vault XP
 C = Vault XP percentage of total XP
 D = Non-vault monster count
 E = Vault monster count
 F = Vault count percentage of total count
                 A         B        C        D         E       F
            +---------+---------+-------+---------+---------+-------
      Total |       9 |      12 |  57.1 |       6 |       8 |  57.1
            +---------+---------+-------+---------+---------+-------
        D:1 |       9 |      12 |  57.1 |       6 |       8 |  57.1
            +---------+---------+-------+---------+---------+-------
